 Dungeon Crawl Stone Soup version 0.27-a0-1301-g128193abf8 (webtiles) character file.

Game seed: 2755196028968334180

11410 Sobieck the Cleaver (level 11, -3/92 HPs)
             Began as a Hill Orc Abyssal Knight on June 17, 2021.
             Was a Priest of Lugonu.
             Slain by a skeletal warrior (22 damage)
             ... led by a skeletal warrior
             ... on level 10 of the Dungeon.
             The game lasted 00:34:05 (18121 turns).

Sobieck the Cleaver (Hill Orc Abyssal Knight)      Turns: 18121, Time: 00:34:06

Health: -3/92      AC: 14    Str: 19    XL:     11   Next: 77%
Magic:  18/18      EV: 14    Int: 12    God:    Lugonu [***...]
Gold:   651        SH:  4    Dex: 10    Spells: 10/10 levels left

rFire    . . .     SeeInvis .   a - +4 hand axe (elec) {axe}
rCold    . . .     Faith    .   E - +0 buckler
rNeg     . . .     Spirit   .   o - +1 scale mail
rPois    .         Reflect  .   u - +0 helmet
rElec    .         Harm     .   B - +0 cloak
rCorr    .         Rampage  .   O - +2 pair of gloves
Will     +....                  (no boots)
Stlth    ..........             h - amulet of the acrobat
HPRegen  0.25/turn              i - +4 ring of evasion
MPRegen  0.16/turn              K - ring of willpower

@: no status effects
A: no striking features
a: Renounce Religion, Depart the Abyss, Bend Space, Banish


You were on level 10 of the Dungeon.
You worshipped Lugonu.
Lugonu was most pleased with you.
You visited 1 branch of the dungeon, and saw 11 of its levels.
You visited the Abyss 1 time.

You collected 651 gold pieces.


   Skills:
 + Level 7.3 Fighting
 + Level 12.1 Axes
 + Level 7.2 Throwing
 + Level 5.3 Armour
 + Level 3.3 Dodging
 - Level 4.0 Shields
 + Level 10.2 Invocations
 + Level 7.2 Evocations


You had 10 spell levels left.
You didn't know any spells.
Your spell library contained the following spells:

 Spells                   Type           Power      Damage    Failure   Level
 Foxfire                  Conj/Fire      0%         2x1d4     67%         1
 Magic Dart               Conj           0%         1d3       67%         1
 Sandblast                Erth           0%         2d4       67%         1
 Passwall                 Tmut/Erth      0%         N/A       80%         2
 Searing Ray              Conj           0%         3d3       80%         2
 Conjure Flame            Conj/Fire      0%         6-21      95%         3
 Dazzling Flash           Conj/Hex       0%         N/A       95%         3
 Inner Flame              Hex/Fire       0%         N/A       95%         3
 Stone Arrow              Conj/Erth      0%         3d7       95%         3
 Fulminant Prism          Conj/Hex       0%         3d6       100%        4
 Iskenderun's Mystic Bla  Conj/Tloc      0%         2d3       100%        4
 Petrify                  Tmut/Erth      0%         N/A       100%        4
 Sticky Flame             Conj/Fire      0%         2d3       100%        4
 Fireball                 Conj/Fire      0%         3d3       100%        5
 Lee's Rapid Deconstruct  Erth           0%         3d5*      100%        5

Inventory:

Hand Weapons
 a - a +4 hand axe of electrocution (weapon) {axe}
   (You took it off an orc on level 4 of the Dungeon)
 b - a +2 vorpal shortbow {bow}
   (You took it off a centaur on level 5 of the Dungeon)
 t - a +2 whip of freezing {mace}
   (You found it on level 3 of the Dungeon)
 y - a +0 mace {mace}
   (You took it off an orc on level 4 of the Dungeon)
 z - a +2 hand axe {axe}
 I - the +7 flail of Action {drain, *Corrode rN++ Dex+3 SInv, mace}
   (You found it on level 9 of the Dungeon)

   A truly terrible weapon, it drains the life of those it strikes.
   It affects your dexterity (+3).
   It greatly protects you from negative energy.
   It lets you see invisible.
   It may corrode you when you take damage.
Missiles
 c - 258 stones {throwing}
 k - 58 bolts
 l - 223 arrows
 n - 2 javelins {throwing}
 q - 26 poisoned darts {throwing}
 s - 72 sling bullets
 L - 3 boomerangs (quivered) {throwing}
 N - 8 atropa-tipped darts {throwing}
 Q - 2 throwing nets {=f!fthrowing}
Armour
 d - a +0 chain mail
   (You took it off Terence on level 1 of the Dungeon)
 o - a +1 scale mail (worn)
   (You found it on level 1 of the Dungeon)
 u - a +0 helmet (worn)
   (You found it on level 3 of the Dungeon)
 B - a +0 cloak (worn)
   (You found it on level 6 of the Dungeon)
 D - a +0 leather armour
 E - a +0 buckler (worn)
   (You took it off a gnoll sergeant on level 5 of the Dungeon)
 F - +0 steam dragon scales
   (You found it on level 6 of the Dungeon)
 J - a +0 troll leather armour
   (You found it on level 9 of the Dungeon)
 O - a +2 pair of gloves (worn)
   (You found it on level 10 of the Dungeon)
 P - a +2 robe of fire resistance
   (You found it on level 10 of the Dungeon)
Magical Staves
 m - a staff of poison {!astaff}
   (You found it on level 2 of the Dungeon)
 x - a staff of death {!astaff}
   (You found it on level 5 of the Dungeon)
 H - a staff of air {!astaff}
   (You found it on level 8 of the Dungeon)
Jewellery
 h - an amulet of the acrobat (around neck)
   (You found it on level 9 of the Dungeon)
 i - a +4 ring of evasion (left hand)
   (You took it off a wight on level 8 of the Dungeon)
 K - a ring of willpower (right hand)
   (You found it on level 9 of the Dungeon)
 R - a ring of protection from cold
   (You found it on level 10 of the Dungeon)
Wands
 M - a wand of iceblast (6)
   (You found it on level 9 of the Dungeon)
Scrolls
 e - 2 scrolls of teleportation {@r4}
 f - a scroll of vulnerability {!r!r}
 A - a scroll of enchant armour
 S - a scroll of identify {@r1}
Potions
 g - a potion of mutation {!q}
 j - a potion of lignification {!q}
 p - a potion of ambrosia
 r - 3 potions of might
 v - a potion of curing {@q1}
 w - a potion of flight
 C - 2 potions of cancellation {unknown}
 G - a potion of attraction {unknown}
 U - a potion of invisibility {unknown}

Dungeon Overview and Level Annotations

Branches:
Dungeon (11/15)            Temple (0/1) D:6             Orc (0/2) D:9
   Lair: D:8-11

Altars:
Ashenzari
Cheibriados
Elyvilon
Fedhas
Kikubaaqudgha
Makhleb
Okawaru
Wu Jian
Yredelemnul
The Shining One
Beogh
Jiyva

Annotations:
D:3 3 runed translucent doors, pigah's ghost, amateur OpAE
D:6 exclusion: 2 downstairs
D:7 exclusion: downstairs
D:8 2 transporters, exclusions: 2 electric eels, oklob plant and 3 more exclusions, indyram44's ghost, novice GnIE
D:9 2 transporters
D:10 exclusion: downstairs
D:11 Harold
Abyss:1 Maggie

#........#### #..## #....
###'###### #.## ##### #...#
###.######## ### .)###
###..........# #..
'##########............# #..
............#..........########..
............#..........##.....').
............#....z........#####..
...........##...@......#### #..
...........##..........# #..
...........###.######### #>.
>..........# #..#### #..
####'####### ##....# ### #[#
####.##### ###.# #........###
#...# #..........########
##.###### #..[....>#.........


You could see a skeletal warrior.


Message History

You hit the skeletal warrior but do no damage.
The skeletal warrior closely misses you. 😮 HP[+1]
You barely miss the skeletal warrior.
You block the skeletal warrior's attack.
You closely miss the skeletal warrior.
The skeletal warrior hits you with a +0 long sword. 😮 HP[-5]
You take 5 damage, and now have 58/92 hp.
You completely miss the skeletal warrior.
You block the skeletal warrior's attack.
You hit the skeletal warrior but do no damage.
You block the skeletal warrior's attack. 😮 HP[+1]
You hit the skeletal warrior but do no damage.
The skeletal warrior barely misses you.
You sock the skeletal warrior!
The skeletal warrior hits you with a +0 long sword!
* * * LOW HITPOINT WARNING * * *
The skeletal warrior hits you with a +0 long sword!
* * * LOW HITPOINT WARNING * * *
😨 HP[-34]
You take 34 damage, and now have 25/92 hp.
MASSIVE DAMAGE!! (PAUSE)
Press: ? - help, Shift-Dir - straight line, f/p - skeletal warrior
Aim: a skeletal warrior, wielding a +0 long sword (heavily damaged, chance to affect: 24%)
The skeletal warrior resists with almost no effort.
The skeletal warrior misses you. 😨 MP[-4]
You lost 4 mp, and now have 14/18 mp.
Okay, then.
Unknown command. 😨 HP[+1]
There is an open door here. 😨 HP[+1] MP[+1] 😨 HP[+1]
Things that are here:
a +0 giant spiked club {mace}; a +0 giant club {mace}
There is an open door, spattered with blood here. 😨 MP[+1] 😨 HP[+1] 😨 HP[+1] 😨 MP[+1] 😨 HP[+1] 😨 MP[+1]
Your mp is fully restored (18).
There is a stone staircase leading up, spattered with blood here. 😨 HP[+1]
You climb upwards.
Level annotation: 2 transporters
There is a stone staircase leading down here.
You start resting. 😎 HP[+60]
Your hp is fully restored (92).
As you read the scroll labelled FATOEPL TUYTI, it crumbles to dust.
It is a scroll of brand weapon.
Your +4 vorpal hand axe {axe} crackles with electricity.
a - a +4 hand axe of electrocution {axe}
Okay, then.
You hear the crackle of electricity.
a - a +4 hand axe of electrocution (weapon)
{axe} You climb downwards.
Level annotation: exclusion: downstairs The skeletal warrior hits you with a +0 long sword!!
The skeletal warrior hits you with a +0 long sword!
There is a stone staircase leading up, spattered with blood here. 😮 HP[-29]
You take 29 damage, and now have 63/92 hp.
MASSIVE DAMAGE!! (PAUSE)
You hit the skeletal warrior but do no damage.
You hit the skeletal warrior but do no damage.
The skeletal warrior hits you with a +0 long sword!!
* * * LOW HITPOINT WARNING * * *
😨 HP[-22]
You take 22 damage, and now have 41/92 hp.
MASSIVE DAMAGE!! (PAUSE)
You hit the skeletal warrior.
Lightning courses through the skeletal warrior!
The skeletal warrior hits you with a +0 long sword!
* * * LOW HITPOINT WARNING * * *
😨 HP[-11]
You take 11 damage, and now have 30/92 hp.
You hit the skeletal warrior.
You hit the skeletal warrior but do no damage.
The skeletal warrior closely misses you.
You slash the skeletal warrior!
The skeletal warrior completely misses you. 😨 HP[+1]
You hit the skeletal warrior but do no damage.
Lightning courses through the skeletal warrior!!
The skeletal warrior hits you with a +0 long sword!
* * * LOW HITPOINT WARNING * * *
😱 HP[-12]
You take 12 damage, and now have 19/92 hp.
You closely miss the skeletal warrior. You hit the skeletal warrior.
The skeletal warrior closely misses you.
You hit the skeletal warrior but do no damage.
The skeletal warrior hits you with a +0 long sword!!
You die...

Skill      XL: |  1  2  3  4  5  6  7  8  9 10 11 |
---------------+----------------------------------+-----
Axes           | 3 4 5 6 8 11 12 | 12.1
Invocations    | 3 4 5 6 8 9 10 | 10.2
Fighting       | 4 6 7 |  7.3
Throwing       | 2 5 6 7 |  7.2
Evocations     | 2 5 6 7 |  7.2
Shields        | 1 4 |  4.0
Dodging        | 1 3 |  3.3
Armour         | 4 5 |  5.3

Action                   |  1- 3 |  4- 6 |  7- 9 | 10-12 || total
-------------------------+-------+-------+-------+-------++-------
Melee: Hand axe          |   118 |   147 |   286 |   108 ||   659
       Flail             |       |       |       |   217 ||   217
 Fire: Shortbow          |       |       |    29 |       ||    29
Throw: Stone             |    43 |    35 |    89 |    14 ||   181
       Boomerang         |       |       |    14 |    24 ||    38
       Dart              |       |       |       |     6 ||     6
Invok: Depart the Abyss  |     1 |       |       |       ||     1
       Banish            |       |       |     3 |     2 ||     5
Evoke: Wand              |       |       |     6 |     3 ||     9
  Use: Scroll            |     7 |     2 |     8 |     5 ||    22
       Potion            |       |     1 |     7 |       ||     8
 Stab: Paralysed         |       |       |       |     9 ||     9
Armor: Leather armour    |    44 |       |       |       ||    44
       Scale mail        |     2 |    55 |    86 |    79 ||   222
Dodge: Dodged            |    93 |    58 |    94 |   138 ||   383
Block: Buckler           |       |       |    24 |    60 ||    84

Levels and vault maps discovered:
D:1:      eino_arrival_cavern_b, layout_basic, serial_forest,
          infiniplex_forest_lined_room_3, infiniplex_forest_lined_room_3,
          infiniplex_forest_lined_room_2, infiniplex_forest_clump_long,
          infiniplex_forest_clump_tiny, infiniplex_forest_clump_diagonal,
          infiniplex_forest_straight_3, infiniplex_forest_lined_3,
          infiniplex_forest_lined_4_way
D:2:      layout_basic, minivault_26, uniq_terence
D:3:      minmay_door_path, layout_loops_ring, biasface_ghost_orc_armoury,
          uniq_natasha
D:4:      layout_basic, lemuel_round_altar, roderic_roman_lattice,
          uniq_menkaure, uniq_duvessa
D:5:      layout_basic, nzn_wu_jian_council_hall, minivault_11
D:6:      layout_basic, kiku_gazebo_pond_becter,
          minmay_temple_entry_glassed_door, uniq_prince_ribbit1
D:7:      layout_basic, lemuel_crystal_altar
D:8:      layout_basic, jmf_multi_god_temple, nzn_ghost_randoct, serial_bayou,
          serial_bayou_pond_a, serial_bayou_pond_c, serial_bayou_crossing,
          serial_bayou_pond_b, serial_bayou_pond_e, patterned_corridor
D:9:      gammafunk_jiyva_shrine, layout_basic, minmay_orc_entry_guard_dogs,
          enter_bailey_6
D:10:     layout_roguey, minitemple, cheibrodos_worm_habitat,
          kennysheep_mini_moat, uniq_psyche, uniq_josephine, uniq_maggie
D:11:     layout_rooms, david_lair_generic, uniq_harold, uniq_erolcha

Notes
Turn   | Place    | Note
-------+----------+-------------------------------------------
     0 | Abyss:1  | Sobieck the Hill Orc Abyssal Knight began the quest for the
                  | Orb.
     0 | Abyss:1  | Reached XP level 1. HP: 19/19 MP: 2/2
     0 | Abyss:1  | magus.rc [v1.9.6]
    33 | Abyss:1  | Noticed a neqoxec
    37 | Abyss:1  | Noticed a glowing orange brain
    43 | D:1      | You pass through the gate.
    43 | D:1      | Escaped the Abyss
   264 | D:1      | Reached * piety under Lugonu
   377 | D:1      | Reached skill level 3 in Axes
   420 | D:1      | Reached XP level 2. HP: 10/27 MP: 4/4
   742 | D:1      | Reached skill level 3 in Invocations
   745 | D:1      | Reached skill level 4 in Fighting
  1099 | D:1      | Reached XP level 3. HP: 29/33 MP: 5/5
  1257 | D:1      | HP: 8/33 [gnoll (5)]
  2006 | D:2      | Reached skill level 4 in Axes
  2459 | D:2      | Noticed Terence
  2473 | D:1      | Reached skill level 4 in Invocations
  2475 | D:1      | Killed Terence
  2476 | D:1      | Reached XP level 4. HP: 18/40 MP: 5/7
  3762 | D:3      | HP: 9/40 [something (4)]
  3764 | D:3      | Reached skill level 5 in Axes
  3764 | D:3      | Reached XP level 5. HP: 11/46 MP: 8/8
  4094 | D:3      | Reached ** piety under Lugonu
  4095 | D:3      | Reached skill level 5 in Invocations
  4159 | D:3      | Noticed a necrophage
  4177 | D:3      | Killed a necrophage
  4178 | D:3      | Reached XP level 6. HP: 51/52 MP: 8/10
  4263 | D:3      | Found a runed translucent gate.
  4263 | D:3      | Found a runed translucent gate.
  4265 | D:3      | Found a runed translucent gate.
  4266 | D:3      | Noticed pigah's ghost (amateur OpAE)
  4269 | D:3      | Found a roughly hewn altar of Beogh.
  4321 | D:3      | Noticed Natasha
  4329 | D:3      | Killed Natasha
  4330 | D:3      | Reached skill level 6 in Axes
  4912 | D:4      | Noticed Menkaure
  4926 | D:4      | HP: 13/52 [Menkaure (7)]
  4931 | D:4      | Killed Menkaure
  4932 | D:4      | Reached skill level 6 in Invocations
  5202 | D:4      | HP: 12/52 [endoplasm (3)]
  5209 | D:4      | Reached XP level 7. HP: 32/59 MP: 10/12
  5353 | D:4      | Reached skill level 7 in Axes
  5353 | D:4      | Reached skill level 7 in Invocations
  5714 | D:4      | Noticed Dowan
  5743 | D:5      | Entered Level 5 of the Dungeon
  5784 | D:5      | You pick up a book of Geomancy and begin reading...
  5784 | D:5      | You add the spells Sandblast, Passwall, Stone Arrow,
                  | Petrify and Lee's Rapid Deconstruction to your library.
  6241 | D:4      | Killed Dowan
  6395 | D:4      | Noticed Duvessa
  6406 | D:4      | Killed Duvessa
  6407 | D:4      | Reached skill level 8 in Axes
  6407 | D:4      | Reached skill level 8 in Invocations
  6591 | D:4      | Reached XP level 8. HP: 50/66 MP: 14/14
  6742 | D:4      | You pick up a book of Flames and begin reading...
  6742 | D:4      | You add the spells Foxfire, Conjure Flame, Inner Flame,
                  | Sticky Flame and Fireball to your library.
  7109 | D:4      | Reached skill level 9 in Axes
  7151 | D:4      | Found a burning altar of Makhleb.
  7425 | D:5      | Found an ornate altar of the Wu Jian Council.
  7944 | D:6      | Noticed Prince Ribbit
  7959 | D:6      | HP: 14/66 [Prince Ribbit (9)]
  7986 | D:6      | Killed Prince Ribbit
  7987 | D:6      | Reached skill level 10 in Axes
  8288 | D:6      | Reached skill level 11 in Axes
  8318 | D:6      | Reached skill level 1 in Throwing
  8318 | D:6      | Reached skill level 1 in Evocations
  8726 | D:5      | HP: 16/66 [gnoll sergeant (14)]
  8733 | D:5      | Reached skill level 2 in Evocations
  8986 | D:6      | Reached skill level 2 in Throwing
  9200 | D:6      | Reached skill level 1 in Shields
  9200 | D:6      | Reached XP level 9. HP: 55/71 MP: 15/15
  9498 | D:6      | Reached skill level 2 in Shields
  9498 | D:6      | Reached skill level 3 in Evocations
  9547 | D:6      | Found an ancient bone altar of Kikubaaqudgha.
  9595 | D:6      | Found a staircase to the Ecumenical Temple.
  9640 | D:6      | You pick up a book of Conjurations {@e2} and begin
                  | reading...
  9640 | D:6      | You add the spells Magic Dart, Searing Ray, Dazzling Flash,
                  | Fulminant Prism and Iskenderun's Mystic Blast to your
                  | library.
  9734 | D:7      | Reached skill level 3 in Throwing
 10002 | D:6      | Reached *** piety under Lugonu
 10003 | D:6      | Reached skill level 3 in Shields
 10528 | D:7      | Reached skill level 4 in Evocations
 10533 | D:7      | Found a basalt altar of Yredelemnul.
 10963 | D:7      | Reached skill level 4 in Throwing
 10963 | D:7      | Reached skill level 4 in Shields
 11672 | D:7      | HP: 12/71 [yak (12)]
 11675 | D:7      | Reached skill level 5 in Evocations
 11675 | D:7      | HP: 1/71 [something (9)]
 11676 | D:7      | Reached skill level 5 in Throwing
 11677 | D:7      | Reached skill level 1 in Dodging
 12621 | D:8      | Reached XP level 10. HP: 79/79 MP: 16/16
 12729 | D:8      | Noticed a two-headed ogre
 12755 | D:8      | HP: 9/78 [two-headed ogre (15)]
 12809 | D:8      | HP: 16/78 [two-headed ogre (6)]
 12867 | D:7      | Killed a two-headed ogre
 12868 | D:7      | Reached skill level 3 in Armour
 13133 | D:8      | Reached skill level 2 in Dodging
 13428 | D:8      | Reached skill level 5 in Fighting
 13469 | D:8      | Found a broken altar of Ashenzari.
 13519 | D:8      | Found a blossoming altar of Fedhas.
 13542 | D:8      | Found a transporter.
 13631 | D:8      | Noticed an oklob plant
 13635 | D:8      | Found a transporter.
 13665 | D:8      | Noticed indyram44's ghost (novice GnIE)
 14273 | D:9      | Identified the +7 flail of Action {drain, *Corrode rN++
                  | Dex+3 SInv}
 14314 | D:10     | Entered Level 10 of the Dungeon
 14581 | D:9      | Found a viscous altar of Jiyva.
 14583 | D:9      | Noticed a great orb of eyes
 14629 | D:9      | Reached skill level 4 in Armour
 14638 | D:9      | Reached skill level 9 in Invocations
 14880 | D:9      | Found a transporter.
 14885 | D:9      | Found a transporter.
 15003 | D:9      | Found a staircase to the Orcish Mines.
 15014 | D:9      | Reached skill level 6 in Evocations
 15124 | D:10     | Noticed Josephine
 15145 | D:9      | Killed Josephine
 15146 | D:9      | Reached skill level 6 in Fighting
 15146 | D:9      | Reached skill level 6 in Throwing
 15146 | D:9      | Reached skill level 3 in Dodging
 15146 | D:9      | Reached XP level 11. HP: 25/89 MP: 16/18
 15148 | D:9      | HP: 22/89 [poisoned by Josephine]
 15727 | D:11     | Noticed a two-headed ogre
 15734 | D:10     | HP: 20/89 [two-headed ogre (22)]
 15734 | D:10     | HP: 5/89 [two-headed ogre (15)]
 15736 | D:10     | Killed a two-headed ogre
 15737 | D:10     | Reached skill level 12 in Axes
 16356 | D:10     | Reached skill level 5 in Armour
 16435 | D:10     | Found a snail-covered altar of Cheibriados.
 16532 | D:10     | Noticed a two-headed ogre
 16540 | D:10     | HP: 13/91 [two-headed ogre (20)]
 16542 | D:10     | Killed a two-headed ogre
 16566 | D:10     | HP: 12/91 [wraith[Josephine] (8)]
 16900 | D:10     | Noticed Maggie
 16907 | D:10     | Banished Maggie
 16908 | D:10     | Reached skill level 7 in Fighting
 16908 | D:10     | Reached skill level 10 in Invocations
 16953 | D:10     | Reached skill level 7 in Evocations
 16958 | D:10     | Reached skill level 7 in Throwing
 16990 | D:10     | Found an iron altar of Okawaru.
 16995 | D:10     | Found a white marble altar of Elyvilon.
 17086 | D:10     | Noticed Psyche
 17096 | D:10     | Killed Psyche
 17108 | D:11     | Noticed Harold
 17108 | D:11     | Noticed a skeletal warrior
 17108 | D:11     | Noticed a skeletal warrior
 17108 | D:11     | Noticed a skeletal warrior
 17108 | D:11     | Noticed a skeletal warrior
 17108 | D:11     | Noticed a skeletal warrior
 17430 | D:10     | Found a glowing golden altar of the Shining One.
 17526 | D:10     | Killed a skeletal warrior
 18118 | D:10     | HP: 19/92 [skeletal warrior[a skeletal warrior] (12)]
 18121 | D:10     | Slain by a skeletal warrior

Vanquished Creatures
  Josephine (D:9)
  3 two-headed ogres
  A skeletal warrior (D:10)
  A gargoyle (D:10)
  Psyche (D:10)
  A troll (D:9)
  Prince Ribbit (D:6)
  4 wraiths
  A shadow (D:10)
  8 yaks
  2 steam dragons
  Menkaure (D:4)
  3 wargs (D:9)
  2 acid dragons (D:10)
  4 water moccasins
  Duvessa (D:4)
  An orc warrior (D:9)
  3 ice beasts
  A black bear (D:6)
  A sky beast (D:6)
  A necrophage (D:3)
  2 ogres
  4 centaurs
  A kobold brigand (D:8)
  6 bullfrogs
  A gnoll sergeant (D:5)
  3 scorpions
  Dowan (D:4)
  5 wights (D:8)
  2 bullfrog zombies (D:6)
  3 howler monkeys (D:9)
  2 centaur zombies
  A hound (D:5)
  2 orc priests
  A gnoll shaman (D:6)
  A jelly (D:4)
  A bullfrog skeleton (D:6)
  Natasha (D:3)
  Terence (D:1)
  8 orc wizards
  2 iguanas
  A killer bee zombie (D:7)
  9 gnolls
  A howler monkey zombie (D:9)
  5 adders
  A shadow imp (D:5)
  2 white imps
  An ufetubus (D:5)
  An adder skeleton (D:4)
  A worm (D:10)
  2 dart slugs
  16 orcs
  8 ball pythons
  11 endoplasms
  A giant cockroach (D:3)
  10 hobgoblins
  2 jackals (D:1)
  4 quokkas
  12 bats
  7 frilled lizards
  7 goblins
  7 kobolds
  A rat (D:3)
200 creatures vanquished.

Vanquished Creatures (others)
  A yak (D:7)
  25 plants
26 creatures vanquished.

Grand Total: 226 creatures vanquished

Table legend:
 A = Non-vault XP
 B = Vault XP
 C = Vault XP percentage of total XP
 D = Non-vault monster count
 E = Vault monster count
 F = Vault count percentage of total count
                 A         B        C        D         E       F
            +---------+---------+-------+---------+---------+-------
      Total |   12292 |    4009 |  24.6 |     182 |      22 |  10.8
            +---------+---------+-------+---------+---------+-------
        D:1 |      62 |      36 |  36.7 |      28 |       1 |   3.4
        D:2 |      41 |       0 |   0.0 |      19 |       0 |   0.0
        D:3 |     204 |      40 |  16.4 |      18 |       4 |  18.2
        D:4 |     314 |     380 |  54.8 |      23 |       3 |  11.5
        D:5 |     565 |       0 |   0.0 |      11 |       0 |   0.0
        D:6 |    1226 |     291 |  19.2 |      20 |       1 |   4.8
        D:7 |    2264 |     129 |   5.4 |      18 |       1 |   5.3
        D:8 |    1508 |     127 |   7.8 |      15 |       2 |  11.8
        D:9 |    1134 |    1760 |  60.8 |      17 |       5 |  22.7
       D:10 |    4974 |    1246 |  20.0 |      13 |       5 |  27.8
            +---------+---------+-------+---------+---------+-------

Illustrated notes

Table legend:
 A = Kills in this place as a percentage of kills in entire the game.
 B = Kills by you in this place as a percentage of kills by you in the entire game.
 C = Kills by friends in this place as a percentage of kills by friends in the entire game.
 D = Other kills in this place as a percentage of other kills in the entire game.
 E = Experience gained in this place as a percentage of experience gained in the entire game.
 F = Experience gained in this place divided by the number of levels of this place that you have seen.
                   A       B       C       D       E      F
               +-------+-------+-------+-------+-------+----------------------
         Total | 100.0 | 100.0 |   N/A | 100.0 | 100.0 | 1358.4
       Dungeon | 100.0 | 100.0 |   N/A | 100.0 | 100.0 | 1481.9
               +-------+-------+-------+-------+-------+----------------------

Table legend: (Time is in decaauts)
 A = Elapsed time spent in this place.
 B = Non-inter-level travel time spent in this place.
 C = Inter-level travel time spent in this place.
 D = Time resting spent in this place.
 E = Time spent auto-exploring this place.
 F = Levels seen in this place.
 G = Mean time per level.
                   A        B        C        D        E       F      G
               +--------+--------+--------+--------+--------+-----+--------+
         Total |  18160 |  17329 |    831 |   6660 |   8129 |  12 | 1513.3 |
       Dungeon |  18114 |  17283 |    831 |   6660 |   8129 |  11 | 1646.7 |
         Abyss |     46 |     46 |      0 |      0 |      0 |   1 |   46.0 |
               +--------+--------+--------+--------+--------+-----+--------+

Top non-repeatable levels by time:
     D:1: 2545 daAuts
     D:6: 2329 daAuts
    D:10: 2240 daAuts
     D:7: 2063 daAuts
     D:4: 1948 daAuts
     D:9: 1697 daAuts
     D:8: 1518 daAuts
     D:5: 1425 daAuts
     D:3: 1388 daAuts
     D:2: 952 daAuts
 Abyss:1: 46 daAuts
    D:11: 5 daAuts
